 Dungeon Crawl Stone Soup version 0.29.0-4-gdea44cf6ec (webtiles) character file.

Game seed: 7160173383820333083

5306 qw the Severer (level 10, -15/88 HPs)
             Began as a Minotaur Berserker on Sept 5, 2022.
             Was a Priest of Trog.
             Demolished by a two-headed ogre
             ... wielding a +0 giant spiked club
              (32 damage)
             ... on level 10 of the Dungeon.
             The game lasted 00:02:52 (10905 turns).

qw the Severer (Minotaur Berserker)                Turns: 10905, Time: 00:02:52

Health: -15/88     AC: 13    Str: 31    XL:     10   Next: 37%
Magic:  9/9        EV: 13    Int:  3    God:    Trog [***...]
Gold:   299        SH:  4    Dex:  8    Spells: 9/9 levels left

rFire   + . .      SeeInvis .   Y - +1 war axe (flame)
rCold   + + .      Faith    .   g - +0 buckler
rNeg    . . .      Spirit   .   r - +0 chain mail {rC+}
rPois   +          Reflect  .   (helmet unavailable)
rElec   .          Harm     .   c - scarf {rC+ rF+}
rCorr   .          Rampage  .   (no gloves)
Will    .....      Clarity  +   o - +2 pair of boots
Stlth   ..........              (no amulet)
HPRegen 0.24/turn               k - +4 ring of evasion
MPRegen 0.11/turn               l - ring of poison resistance

@: about to teleport, on berserk cooldown, slowed, very slow
A: horns 3, retaliatory headbutt, clarity, strong 1
a: Renounce Religion, Berserk, Trog's Hand


You were on level 10 of the Dungeon.
You worshipped Trog.
Trog was most pleased with you.
You visited 1 branch of the dungeon, and saw 10 of its levels.

You collected 515 gold pieces.
You spent 216 gold pieces at shops.


Innate Abilities, Weirdness & Mutations

You have a pair of large horns on your head.
You reflexively headbutt those who attack you in melee.
You possess an exceptional clarity of mind.
Your muscles are strong. (Str +4, Int/Dex -1)


   Skills:
 + Level 8.0 Fighting
 - Level 15.1 Axes
 - Level 3.2 Throwing
 - Level 5.0 Armour
 - Level 2.1 Dodging
 - Level 5.0 Shields


You had 9 spell levels left.
You didn't know any spells.
Your spell library was empty.

Inventory:

Hand Weapons
 Y - a +1 war axe of flaming (weapon)
Armour
 c - a scarf of resistance (worn)
 g - a +0 buckler (worn)
 n - a +0 cloak
 o - a +2 pair of boots (worn)
 q - a +3 plate armour
 r - a +0 chain mail of cold resistance (worn)
Jewellery
 d - a ring of protection from cold
 k - a +4 ring of evasion (left hand)
 l - a ring of poison resistance (right hand)
 p - a +6 ring of dexterity
Scrolls
 e - 4 scrolls of identify
 f - 6 scrolls of teleportation
Potions
 b - a potion of might
 h - 3 potions of curing
 i - 3 potions of mutation
 j - 2 potions of heal wounds
 m - 2 potions of haste

Dungeon Overview and Level Annotations

Branches:
Dungeon (10/15)            Temple (0/1) D:5             Orc (0/2) D:9
   Lair: D:8-11

Altars:
Elyvilon
Kikubaaqudgha
Makhleb
Okawaru
Ru
Sif Muna
Vehumet
Yredelemnul

Shops:
D:4 (   D:6 :([


Message History

10895 ||| INVOKING Berserk.
A red film seems to cover your vision as you go berserk!
You feel yourself moving faster!
You feel mighty! The hornet closely misses you. You furiously retaliate!
You headbutt the hornet! You closely miss the hornet.
The hornet is heavily wounded.
A two-headed ogre comes into view.
It is wielding a +0 giant spiked club and a +0 giant club.
The two-headed ogre shouts in stereo!
You slash the hornet! You burn the hornet.
The hornet is almost dead.
You closely miss the troll. The hornet stings you!
You hit the hornet. You burn the hornet.
You kill the hornet!
Trog accepts your kill.
You hit the troll. You burn the troll. The troll bites you.
The troll claws you! You block the troll's attack.
You slice the troll!! You burn the troll.
The troll is almost dead.
You slice the troll!! You burn the troll.
You kill the troll!
Trog accepts your kill.
The troll leather armour is intact enough to wear.
Your Axes skill increases to level 15!
Found a war axe.
You feel a strong urge to attack something.
You are no longer berserk.
You are exhausted.
You feel yourself slow down. The two-headed ogre closely misses you.
You furiously retaliate!
You headbutt the two-headed ogre!
The two-headed ogre hits you with a +0 giant club!!
You barely miss the two-headed ogre.
The two-headed ogre is lightly wounded.
The two-headed ogre hits you with a +0 giant spiked club!!
The two-headed ogre hits you with a +0 giant club!
10905 ||| READING 7 scrolls of teleportation.
As you read the scroll of teleportation, it crumbles to dust.
You feel strangely unstable.
The two-headed ogre hits you with a +0 giant spiked club!!
You die...

......##.......#..##.##.#
......###..#..###.#.(#
<#. ..)...#
#.....#......#....
.....##
)........#....)... #...##
.....#...#....#... #####
.....#..##.#### ...
.........(.[#.##. ..
........$....... .
.......@.....#..
..(...O......#
..(............
)..........##.##
#.#...###...### ##....
...P# ....## ..PPP# ##..
..PPP#


You could see a two-headed ogre.

Vanquished Creatures
  2 two-headed ogres
  A troll (D:10)
  A hornet (D:10)
  Sigmund (D:5)
  A shadow (D:10)
  2 yaks (D:10)
  3 steam dragons
  Menkaure (D:4)
  2 acid dragons
  A sky beast (D:8)
  3 ice beasts
  An orc warrior (D:10)
  2 centaurs
  An ogre (D:6)
  A phantom (D:5)
  5 bullfrogs
  8 wights
  4 killer bees (D:7)
  2 electric eels (D:6)
  3 howler monkeys
  2 hounds
  2 jellies (D:4)
  3 orc priests
  5 iguanas
  Natasha (thrice) (D:4)
  7 adders
  3 gnolls (D:8)
  A worm (D:2)
  16 orcs
  7 ball pythons
  5 bats
  5 endoplasms
  3 giant cockroaches
  8 goblins
  5 hobgoblins
  2 jackals (D:1)
  9 kobolds
  5 quokkas
  6 frilled lizards
  2 rats
144 creatures vanquished.

Vanquished Creatures (others)
  3 plants (D:6)
3 creatures vanquished.

Grand Total: 147 creatures vanquished

Notes
Turn   | Place    | Note
-------+----------+-------------------------------------------
     0 | D:1      | qw the Minotaur Berserker began the quest for the Orb.
     0 | D:1      | Reached XP level 1. HP: 19/19 MP: 0/0
     0 | D:1      | 0 ||| qw: Version: 0.1-a-104-g96f76f8
     0 | D:1      | 0 ||| qw: Game counter: 5973
     0 | D:1      | 0 ||| qw: Always use a shield: true
     0 | D:1      | 0 ||| qw: Do Orc after D:15 true
     0 | D:1      | 0 ||| qw: Do second Lair branch before Depths: true
     0 | D:1      | 0 ||| qw: Lair rune preference: random
     0 | D:1      | 0 ||| qw: Plans: Normal
     0 | D:1      | 0 ||| PLANNING D:1-11
    91 | D:1      | Reached skill level 4 in Axes
   192 | D:1      | Found a faded altar of an unknown god.
   223 | D:1      | Reached XP level 2. HP: 26/26 MP: 1/1
   238 | D:1      | 238 ||| Stepping ~*~*~tactically~*~*~ (stealth).
   757 | D:1      | 757 ||| UPGRADING to +0 ring mail.
   767 | D:1      | 767 ||| DROPPING +0 animal skin.
   768 | D:1      | 768 ||| READING scroll labelled GIGREC SINOORGH.
   769 | D:1      | 769 ||| READING 2 scrolls labelled OVAUST DUDEGH.
   770 | D:1      | 770 ||| READING 2 scrolls labelled SUIFIMYMPATT.
   774 | D:1      | 774 ||| READING scroll labelled BUECOB JEADGH.
   791 | D:2      | Reached skill level 5 in Axes
   974 | D:2      | Reached ** piety under Trog
  1001 | D:2      | Reached XP level 3. HP: 31/31 MP: 2/2
  1511 | D:2      | 1511 ||| Stepping ~*~*~tactically~*~*~ (stealth).
  1604 | D:2      | 1604 ||| INVOKING Berserk.
  1905 | D:2      | 1905 ||| READING scroll labelled QALOIX EKHOTIO.
  2040 | D:2      | 2040 ||| READING scroll labelled AVOFAHYLOBRIR.
  2041 | D:2      | 2041 ||| READING 2 scrolls of identify.
  2041 | D:2      | 2041 ||| IDENTIFYING pink potion
  2128 | D:3      | 2128 ||| Stepping ~*~*~tactically~*~*~ (stealth).
  2130 | D:3      | 2130 ||| Stepping ~*~*~tactically~*~*~ (stealth).
  2155 | D:3      | 2155 ||| Stepping ~*~*~tactically~*~*~ (stealth).
  2156 | D:3      | 2156 ||| DROPPING +0 mace of venom.
  2426 | D:3      | Reached skill level 6 in Axes
  2426 | D:3      | Reached XP level 4. HP: 39/39 MP: 3/3
  2541 | D:3      | 2541 ||| Stepping ~*~*~tactically~*~*~ (stealth).
  2544 | D:3      | 2544 ||| Stepping ~*~*~tactically~*~*~ (stealth).
  2552 | D:3      | 2552 ||| INVOKING Berserk.
  3042 | D:3      | 3042 ||| UPGRADING to scarf of resistance.
  3047 | D:3      | 3047 ||| READING scroll labelled ACKUGYOSAI.
  3048 | D:3      | 3048 ||| READING scroll labelled SEIKON OTUUSHRE.
  3048 | D:3      | Identified a scroll of acquirement
  3048 | D:3      | 3048 ||| ACQUIRING +0 war axe of flaming
  3048 | D:3      | Acquired a +0 war axe of flaming
  3050 | D:3      | 3050 ||| SWAPPING to +0 war axe of flaming.
  3051 | D:3      | 3051 ||| DROPPING +0 flail.
  3052 | D:3      | 3052 ||| DROPPING +0 hand axe of electrocution.
  3053 | D:3      | 3053 ||| READING scroll labelled ZASOUQA LAQEUX.
  3054 | D:3      | 3054 ||| READING scroll labelled FIQIYN FAINEM.
  3155 | D:3      | 3155 ||| DRINKING 2 lumpy orange potions.
  3155 | D:3      | Gained mutation: You have a pair of large horns on your
                  | head. [potion of mutation]
  3155 | D:3      | Gained mutation: Your muscles are strong. (Str +4, Int/Dex
                  | -1) [potion of mutation]
  3155 | D:3      | Gained mutation: You possess an exceptional clarity of
                  | mind. [potion of mutation]
  3156 | D:3      | 3156 ||| READING 2 scrolls of identify.
  3156 | D:3      | 3156 ||| IDENTIFYING clear potion
  3157 | D:3      | 3157 ||| DROPPING potion of flight.
  3168 | D:4      | Noticed Natasha
  3170 | D:4      | 3170 ||| INVOKING Berserk.
  3175 | D:4      | Killed Natasha
  3176 | D:4      | Reached skill level 7 in Axes
  3176 | D:4      | Reached XP level 5. HP: 45/45 MP: 4/4
  3434 | D:4      | Noticed Menkaure
  3438 | D:4      | 3438 ||| INVOKING Berserk.
  3441 | D:4      | Killed Menkaure
  3638 | D:4      | Noticed Natasha
  3641 | D:4      | 3641 ||| INVOKING Berserk.
  3647 | D:4      | Killed Natasha
  3648 | D:4      | Reached XP level 6. HP: 56/56 MP: 5/5
  3673 | D:4      | Noticed Natasha
  3674 | D:4      | 3674 ||| Stepping ~*~*~tactically~*~*~ (hiding).
  3679 | D:4      | Killed Natasha
  4184 | D:4      | 4184 ||| INVOKING Berserk.
  4324 | D:4      | Found Teluph's Weapon Shoppe.
  4329 | D:4      | 4329 ||| INVOKING Berserk.
  4457 | D:4      | 4457 ||| UPGRADING to +0 chain mail.
  4467 | D:4      | 4467 ||| DROPPING +0 ring mail.
  4468 | D:4      | 4468 ||| UPGRADING to +4 ring of evasion.
  4469 | D:4      | 4469 ||| READING scroll labelled PYIBIY VUDEOCOINE.
  4470 | D:4      | 4470 ||| READING scroll labelled WEIPHU ROOMU.
  4471 | D:4      | 4471 ||| READING 3 scrolls labelled YLYORGH YSHEXU.
  4472 | D:4      | 4472 ||| READING 3 scrolls of identify.
  4472 | D:4      | 4472 ||| IDENTIFYING fuming orange potion
  4473 | D:4      | 4473 ||| DROPPING 2 scrolls of blinking.
  4474 | D:4      | 4474 ||| DROPPING potion of berserk rage.
  4517 | D:5      | Entered Level 5 of the Dungeon
  4526 | D:5      | 4526 ||| Stepping ~*~*~tactically~*~*~ (stealth).
  4533 | D:5      | Reached skill level 8 in Axes
  4621 | D:5      | Found a staircase to the Ecumenical Temple.
  4654 | D:5      | Noticed Sigmund
  4658 | D:5      | 4658 ||| INVOKING Berserk.
  4665 | D:5      | Killed Sigmund
  4666 | D:5      | Reached skill level 9 in Axes
  4666 | D:5      | Reached XP level 7. HP: 61/61 MP: 6/6
  4870 | D:5      | Reached skill level 3 in Armour
  5199 | D:5      | 5199 ||| UPGRADING to +0 buckler.
  5204 | D:5      | 5204 ||| UPGRADING to ring of poison resistance.
  5205 | D:5      | 5205 ||| READING scroll labelled GUTOYTENOB.
  5206 | D:5      | 5206 ||| READING scroll labelled WIWIOF TIEPIJI.
  5207 | D:5      | 5207 ||| DRINKING 2 white potions.
  5227 | D:6      | 5227 ||| Stepping ~*~*~tactically~*~*~ (stealth).
  5235 | D:6      | 5235 ||| Stepping ~*~*~tactically~*~*~ (stealth).
  5236 | D:6      | 5236 ||| Stepping ~*~*~tactically~*~*~ (stealth).
  5244 | D:6      | Reached skill level 1 in Shields
  5248 | D:6      | 5248 ||| INVOKING Berserk.
  5384 | D:6      | Reached skill level 3 in Shields
  5437 | D:6      | Found Cusujufi's Book Boutique.
  5531 | D:6      | Found Cedwupon's Antique Armour Shoppe.
  5548 | D:6      | Reached skill level 10 in Axes
  5548 | D:6      | Reached XP level 8. HP: 43/67 MP: 7/7
  5663 | D:6      | 5663 ||| BUYING cloak (108 gold).
  5663 | D:6      | Bought a cloak for 108 gold pieces
  5663 | D:6      | 5663 ||| BUYING pair of boots (108 gold).
  5663 | D:6      | Bought a pair of boots for 108 gold pieces
  5663 | D:6      | 5663 ||| SHOPLISTING shiny plate armour (624 gold, have
                  | 59).
  5663 | D:6      | 5663 ||| Stepping ~*~*~tactically~*~*~ (hiding).
  5666 | D:6      | Found Ysmaint's Weapon Shop.
  5671 | D:6      | 5671 ||| INVOKING Berserk.
  5673 | D:6      | Reached skill level 6 in Fighting
  6044 | D:6      | Found a white marble altar of Elyvilon.
  6047 | D:6      | 6047 ||| FLEEEEING.
  6048 | D:6      | 6048 ||| FLEEEEING.
  6049 | D:6      | 6049 ||| FLEEEEING.
  6051 | D:6      | 6051 ||| FLEEEEING.
  6052 | D:6      | 6052 ||| FLEEEEING.
  6053 | D:6      | 6053 ||| FLEEEEING.
  6054 | D:6      | 6054 ||| FLEEEEING.
  6055 | D:6      | 6055 ||| FLEEEEING.
  6056 | D:6      | 6056 ||| FLEEEEING.
  6057 | D:6      | 6057 ||| FLEEEEING.
  6058 | D:6      | 6058 ||| FLEEEEING.
  6059 | D:6      | 6059 ||| FLEEEEING.
  6060 | D:6      | 6060 ||| FLEEEEING.
  6061 | D:6      | 6061 ||| FLEEEEING.
  6062 | D:6      | 6062 ||| FLEEEEING.
  6063 | D:6      | 6063 ||| FLEEEEING.
  6248 | D:6      | Reached skill level 11 in Axes
  6447 | D:6      | 6447 ||| Stepping ~*~*~tactically~*~*~ (stealth).
  6449 | D:6      | 6449 ||| FLEEEEING.
  6489 | D:6      | 6489 ||| FLEEEEING.
  6542 | D:6      | 6542 ||| FLEEEEING.
  6594 | D:6      | 6594 ||| Stepping ~*~*~tactically~*~*~ (stealth).
  6598 | D:6      | 6598 ||| FLEEEEING.
  6599 | D:6      | 6599 ||| FLEEEEING.
  6600 | D:6      | 6600 ||| FLEEEEING.
  6601 | D:6      | 6601 ||| FLEEEEING.
  6603 | D:6      | 6603 ||| FLEEEEING.
  6655 | D:6      | 6655 ||| FLEEEEING.
  6656 | D:6      | 6656 ||| FLEEEEING.
  6657 | D:6      | 6657 ||| FLEEEEING.
  6718 | D:6      | 6718 ||| FLEEEEING.
  6719 | D:6      | 6719 ||| FLEEEEING.
  6720 | D:6      | 6720 ||| FLEEEEING.
  6721 | D:6      | 6721 ||| FLEEEEING.
  6722 | D:6      | 6722 ||| FLEEEEING.
  6723 | D:6      | 6723 ||| FLEEEEING.
  6724 | D:6      | 6724 ||| FLEEEEING.
  6725 | D:6      | 6725 ||| FLEEEEING.
  6727 | D:6      | 6727 ||| FLEEEEING.
  6818 | D:6      | 6818 ||| FLEEEEING.
  6819 | D:6      | 6819 ||| FLEEEEING.
  6820 | D:6      | 6820 ||| FLEEEEING.
  6821 | D:6      | 6821 ||| FLEEEEING.
  6822 | D:6      | 6822 ||| FLEEEEING.
  6823 | D:6      | 6823 ||| FLEEEEING.
  6824 | D:6      | 6824 ||| FLEEEEING.
  6825 | D:6      | 6825 ||| FLEEEEING.
  6826 | D:6      | 6826 ||| FLEEEEING.
  6857 | D:6      | 6857 ||| FLEEEEING.
  6858 | D:6      | 6858 ||| FLEEEEING.
  6934 | D:6      | 6934 ||| INVOKING Berserk.
  7000 | D:6      | 7000 ||| FLEEEEING.
  7001 | D:6      | 7001 ||| FLEEEEING.
  7002 | D:6      | 7002 ||| FLEEEEING.
  7003 | D:6      | 7003 ||| FLEEEEING.
  7005 | D:6      | 7005 ||| FLEEEEING.
  7053 | D:6      | 7053 ||| INVOKING Berserk.
  7129 | D:6      | 7129 ||| UPGRADING to +0 pair of boots.
  7134 | D:6      | 7134 ||| READING scroll labelled TAUSUCU NIRAYV.
  7135 | D:6      | 7135 ||| READING 3 scrolls of identify.
  7135 | D:6      | 7135 ||| IDENTIFYING smoky green potion
  7323 | D:7      | Reached *** piety under Trog
  7541 | D:7      | 7541 ||| READING scroll of enchant armour.
  7541 | D:7      | 7541 ||| ENCHANTING +0 pair of boots.
  7572 | D:7      | 7572 ||| Stepping ~*~*~tactically~*~*~ (stealth).
  7574 | D:7      | 7574 ||| Stepping ~*~*~tactically~*~*~ (hiding).
  7575 | D:7      | 7575 ||| Stepping ~*~*~tactically~*~*~ (hiding).
  7578 | D:7      | 7578 ||| INVOKING Berserk.
  7744 | D:7      | Found a radiant altar of Vehumet.
  7744 | D:7      | Found an ancient bone altar of Kikubaaqudgha.
  7745 | D:7      | Found a shimmering blue altar of Sif Muna.
  7788 | D:7      | Reached skill level 12 in Axes
  7788 | D:7      | Reached XP level 9. HP: 71/75 MP: 8/8
  8094 | D:7      | 8094 ||| READING 2 scrolls of identify.
  8094 | D:7      | 8094 ||| IDENTIFYING fizzy amethyst potion
  8095 | D:7      | 8095 ||| DROPPING potion of brilliance.
  8151 | D:8      | 8151 ||| INVOKING Berserk.
  8314 | D:8      | Found an iron altar of Okawaru.
  8596 | D:8      | Noticed a two-headed ogre
  8600 | D:8      | 8600 ||| Stepping ~*~*~tactically~*~*~ (stealth).
  8601 | D:8      | 8601 ||| INVOKING Berserk.
  8605 | D:8      | Killed a two-headed ogre
  8606 | D:8      | Reached skill level 13 in Axes
  8630 | D:8      | 8630 ||| FLEEEEING.
  8726 | D:8      | 8726 ||| Stepping ~*~*~tactically~*~*~ (stealth).
  8735 | D:8      | 8735 ||| FLEEEEING.
  8736 | D:8      | 8736 ||| FLEEEEING.
  8738 | D:8      | 8738 ||| FLEEEEING.
  8739 | D:8      | 8739 ||| FLEEEEING.
  8740 | D:8      | 8740 ||| FLEEEEING.
  8741 | D:8      | 8741 ||| FLEEEEING.
  8742 | D:8      | 8742 ||| FLEEEEING.
  8743 | D:8      | 8743 ||| FLEEEEING.
  8744 | D:8      | 8744 ||| FLEEEEING.
  8745 | D:8      | 8745 ||| FLEEEEING.
  8746 | D:8      | 8746 ||| FLEEEEING.
  8747 | D:8      | 8747 ||| FLEEEEING.
  8748 | D:8      | 8748 ||| FLEEEEING.
  8749 | D:8      | 8749 ||| FLEEEEING.
  8750 | D:8      | 8750 ||| FLEEEEING.
  8751 | D:8      | 8751 ||| FLEEEEING.
  8752 | D:8      | 8752 ||| FLEEEEING.
  8753 | D:8      | 8753 ||| FLEEEEING.
  8754 | D:8      | 8754 ||| FLEEEEING.
  8755 | D:8      | 8755 ||| FLEEEEING.
  8756 | D:8      | 8756 ||| FLEEEEING.
  8757 | D:8      | 8757 ||| FLEEEEING.
  8758 | D:8      | 8758 ||| FLEEEEING.
  8759 | D:8      | 8759 ||| FLEEEEING.
  8760 | D:8      | 8760 ||| FLEEEEING.
  8761 | D:8      | 8761 ||| FLEEEEING.
  8864 | D:8      | 8864 ||| Stepping ~*~*~tactically~*~*~ (hiding).
  9112 | D:8      | 9112 ||| READING scroll of enchant armour.
  9112 | D:8      | 9112 ||| ENCHANTING +1 pair of boots.
  9315 | D:8      | 9315 ||| UPGRADING to +0 chain mail of cold resistance.
  9325 | D:8      | 9325 ||| DROPPING +0 chain mail.
  9326 | D:8      | 9326 ||| READING scroll labelled GOMELU AVVEPH.
  9351 | D:9      | Found a staircase to the Orcish Mines.
  9384 | D:9      | Found a burning altar of Makhleb.
  9388 | D:9      | Noticed an Executioner
  9471 | D:9      | 9471 ||| Stepping ~*~*~tactically~*~*~ (hiding).
  9472 | D:9      | 9472 ||| Stepping ~*~*~tactically~*~*~ (hiding).
  9478 | D:9      | Reached skill level 1 in Throwing
  9624 | D:9      | 9624 ||| INVOKING Berserk.
  9630 | D:9      | Reached skill level 3 in Throwing
  9961 | D:9      | 9961 ||| INVOKING Berserk.
 10134 | D:9      | Found a basalt altar of Yredelemnul.
 10391 | D:9      | Found a sacrificial altar of Ru.
 10402 | D:9      | 10402 ||| DROPPING scarf of shadows.
 10403 | D:9      | 10403 ||| READING scroll labelled CAREISMA KAHAU.
 10429 | D:10     | Entered Level 10 of the Dungeon
 10467 | D:10     | 10467 ||| INVOKING Berserk.
 10469 | D:10     | Reached XP level 10. HP: 88/88 MP: 9/9
 10590 | D:10     | Noticed a two-headed ogre
 10592 | D:10     | 10592 ||| INVOKING Berserk.
 10594 | D:10     | Killed a two-headed ogre
 10595 | D:10     | Reached skill level 14 in Axes
 10795 | D:10     | 10795 ||| Stepping ~*~*~tactically~*~*~ (hiding).
 10895 | D:10     | 10895 ||| INVOKING Berserk.
 10896 | D:10     | Noticed a two-headed ogre
 10901 | D:10     | Reached skill level 15 in Axes
 10904 | D:10     | HP: 16/88 [two-headed ogre/+0 giant spiked club (13)]
 10905 | D:10     | 10905 ||| READING 7 scrolls of teleportation.
 10905 | D:10     | Demolished by a two-headed ogre

Levels and vault maps discovered:
D:1:      dpeg_arrival_oval, layout_basic, ebering_ecumenical_altar_petrified
D:2:      layout_basic, grunt_ministairs_2
D:3:      layout_loops_corners, minmay_cupped
D:4:      layout_basic, minivault_26, kennysheep_small_square, uniq_menkaure,
          uniq_natasha
D:5:      layout_rooms, minmay_temple_entry_antechambers,
          hangedman_decor_peaks_small, uniq_sigmund
D:6:      layout_loops_ring, nicolae_elyvilon_temple_path, serial_shops,
          nicolae_shop_trees, nicolae_shop_advertising_works
          [nicolae_subvault_shop_adworks], nicolae_shop_bloodbath_and_beyond
D:7:      layout_basic, grunt_temple_overflow_magic_moments, nrook_uturn
D:8:      layout_basic, kennysheep_okawaru_gauntlet
D:9:      layout_stronghold, nicolae_overflow_hidden_temple,
          makhleb_altar_promises_db, orc_0_dummy
D:10:     kennysheep_six_static_rooms, layout_cave_pools, david_lair_shrubbed,
          nicolae_trove_entry_columns

Skill      XL: |  1  2  3  4  5  6  7  8  9 10 |
---------------+-------------------------------+-----
Axes           | 4 5 6 7 9 10 12 13 15 | 15.1
Fighting       | 5 6 8 |  8.0
Armour         | 3 4 5 |  5.0
Shields        | 3 4 5 |  5.0
Throwing       | 3 |  3.2
Dodging        | |  2.1

Action                   |  1- 3 |  4- 6 |  7- 9 | 10-12 || total
-------------------------+-------+-------+-------+-------++-------
Melee: Hand axe          |    96 |    21 |       |       ||   117
       Headbutt          |    13 |     8 |    29 |     3 ||    53
       Punch             |     2 |       |     1 |       ||     3
       War axe           |       |    44 |   164 |    18 ||   226
Throw: Javelin           |       |       |    12 |     5 ||    17
Invok: Berserk           |     1 |     7 |    10 |     2 ||    20
  Use: Scroll            |     7 |     9 |     9 |     1 ||    26
       Potion            |       |     1 |     1 |       ||     2
Armor: Animal skin       |     4 |       |       |       ||     4
       Ring mail         |    21 |    11 |       |       ||    32
       Chain mail        |       |     3 |    42 |     3 ||    48
Dodge: Dodged            |    41 |    23 |    63 |     5 ||   132
Block: Buckler           |       |       |    20 |     4 ||    24

Table legend:
 A = Non-vault XP
 B = Vault XP
 C = Vault XP percentage of total XP
 D = Non-vault monster count
 E = Vault monster count
 F = Vault count percentage of total count
                 A         B        C        D         E       F
            +---------+---------+-------+---------+---------+-------
      Total |    5688 |    1893 |  25.0 |     127 |      17 |  11.8
            +---------+---------+-------+---------+---------+-------
        D:1 |      33 |       0 |   0.0 |      18 |       0 |   0.0
        D:2 |      41 |       4 |   8.9 |      16 |       2 |  11.1
        D:3 |      92 |       8 |   8.0 |      15 |       4 |  21.1
        D:4 |     132 |     236 |  64.1 |      14 |       5 |  26.3
        D:5 |     304 |     231 |  43.2 |       6 |       1 |  14.3
        D:6 |    1027 |       0 |   0.0 |      15 |       0 |   0.0
        D:7 |     722 |       0 |   0.0 |      11 |       0 |   0.0
        D:8 |    1661 |       0 |   0.0 |      21 |       0 |   0.0
        D:9 |     785 |       0 |   0.0 |       7 |       0 |   0.0
       D:10 |     891 |    1414 |  61.3 |       4 |       5 |  55.6
            +---------+---------+-------+---------+---------+-------
